AoeStats
← Mick 98

Arabian Desert

509664653Analyzed
1v1 RM · 6d ago on Sep 27, 2026· 30m 51s· 2 players
Game mode
Random Map
Map size
Tiny (2 player)
Population
200
Speed
Normal
Resources
Standard
Victory
Conquest
Starting age
Dark Age
Ending age
Imperial Age
RankedLock teamsTeams togetherTeam positionsShared explorationLock speedFull tech treeHidden civsTurbo modeCheats
Victory
Defeat
🇬🇧 Inca · United Kingdom
1359
+13
🇩🇪 Koreans · Germany
1302
-13
Hemingway
5:54 Loom
8:48 Feudal Age
8:51 Champi Runner
12:42 Arson
13:05 Double-Bit Axe
14:16 Horse Collar
17:56 Scale Mail Armor
22:09 Castle Age
21:17 Forging
23:22 Wheelbarrow
22:10 Champi Warrior
23:01 Squires
25:04 Chain Mail Armor
29:12 Bow Saw
Mick 98
7:36 Loom
10:04 Feudal Age
17:15 Double-Bit Axe
17:57 Horse Collar
18:54 Fletching
25:36 Castle Age
23:47 Gold Mining
25:43 Crossbowman
26:31 Bodkin Arrow
Connection lost

Rejoining the realm…

Still unreachable

The connection could not be restored.

Session expired

The server has moved on; the page needs a fresh start.